 Dungeon Crawl Stone Soup version 0.17-a0-1923-gc35365e (webtiles) character file.

3 hexophile the Insei (level 1, 0/15 HPs)
             Began as a Demigod Transmuter on Sept 28, 2015.
             Succumbed to a goblin's poison
             ... on level 1 of the Dungeon.
             The game lasted 00:00:38 (233 turns).

hexophile the Insei (Demigod Transmuter)             Turns: 233, Time: 00:00:38

Health: 0/15       AC:  2    Str: 13    XL:     1   Next: 33%
Magic:  5/5        EV: 12    Int: 17    God:
Gold:   16         SH:  0    Dex: 16    Spells: 1 memorised, 2 levels left

rFire  . . .     SeeInvis .       - Unarmed
rCold  . . .     Clarity  .     b - +0 robe
rNeg   . . .     SustAt   +     (no shield)
rPois  .         Gourm    .     (no helmet)
rElec  .         Spirit   .     (no cloak)
rCorr  .         Warding  .     (no gloves)
rMut   .         Rnd*Tele +     (no boots)
MR     .....                    (no amulet)
Stlth  +.........               (no ring)
                                e - ring of teleportation (curse)

@: lethally poisoned (0 -> -11), appendage (expiring), not resistant to hostile
enchantments, very unstealthy
A: horns 2, high mp 1, sustain attributes
a: End Transformation, Evoke Teleportation


You were on level 1 of the Dungeon.
You were not hungry.
You had grown temporary horns.
You visited 1 branch of the dungeon, and saw 1 of its levels.

You collected 16 gold pieces.


Innate Abilities, Weirdness & Mutations

You have an increased reservoir of magic (+10% MP).
Your attributes are resistant to harm.
You have a pair of horns on your head.

Inventory:

Missiles
 a - 12 arrows
Armour
 b - a +0 robe (worn)
Jewellery
 e - a cursed ring of teleportation (left hand)
Books
 c - a book of Changes

   Spells                             Type                      Level
   a - Beastly Appendage              Transmutation                1
   b - Sticks to Snakes               Transmutation                2
   c - Spider Form                    Transmutation/Poison         3
   d - Ice Form                       Ice/Transmutation            4
   e - Blade Hands                    Transmutation                5
Comestibles
 d - a bread ration
 f - a chunk of flesh


You had 2 spell levels left.
You knew the following spells:

 Your Spells              Type           Power        Failure   Level  Hunger
a - Beastly Appendage     Trmt           #.....       12%         1    #......


   Skills:
 - Level 0.8 Fighting
 - Level 1.7 Dodging
 + Level 2.8 Unarmed Combat
 - Level 1.7 Spellcasting
 + Level 1.9 Transmutations

Dungeon Overview and Level Annotations

Branches:
Dungeon (1/15)

Vault maps used:
D:1:      minmay_arrival_loop, hangedman_decor_clover_reticule,
          minmay_misc_feat_nine_boxes

Vault maps used:
D:1:      minmay_arrival_loop, hangedman_decor_clover_reticule,
          minmay_misc_feat_nine_boxes
There     were no monsters in sight!


Message History

Welcome, hexophile the Demigod Transmuter.
Will you prevail where others failed? Will you find the Orb of Zot?
Found a staircase leading out of the dungeon.
Found 21 stones.
A giant newt comes into view.
A giant newt is nearby!
Found a blackened jade ring.
Found a stone staircase leading down.
The giant newt bites you.
You hit the giant newt.
You kill the giant newt!
You see here a giant newt corpse.
You see here a giant newt corpse.
You butcher the giant newt corpse.
f - a chunk of flesh You see here a giant newt skeleton.
You start resting.
e - a blackened jade ring Put on which piece of jewellery? (? for menu, Esc to quit)
You feel slightly jumpy.
Oops, that ring feels deathly cold.
e - a cursed ring of teleportation (left hand)
You now have 16 gold pieces.
A hobgoblin comes into view. It is wielding a club.
The hobgoblin shouts!
A hobgoblin is nearby!
The hobgoblin closely misses you.
You closely miss the hobgoblin. The hobgoblin completely misses you.
You hit the hobgoblin. The hobgoblin closely misses you.
You hit the hobgoblin but do no damage. You closely miss the hobgoblin.
The hobgoblin hits you with a club.
You barely miss the hobgoblin. The hobgoblin hits you with a club.
A goblin comes into view. It is wielding a dagger of venom.
You closely miss the hobgoblin.
The goblin shouts!
The hobgoblin hits you with a club.
You hit the hobgoblin.
You kill the hobgoblin!
A giant cockroach comes into view.
Found a hunting sling.
Things that are here:
a club; a hobgoblin corpse You start resting.
You start resting.
The goblin hits you but does no damage.
You are lethally poisoned!
You grow a pair of large bovine horns.
You feel sick. The goblin hits you but does no damage.
You closely miss the goblin.
You feel sick. The goblin hits you but does no damage.
You hit the goblin. The goblin hits you but does no damage.
You are more poisoned.
You hit the goblin. You headbutt the goblin.
You kill the goblin!
You feel sick.
Your transformation is almost over.
You feel sick.
Things that are here:
a dagger of venom; a goblin corpse
There is a lethal amount of poison in your body!
You butcher the goblin corpse.
You feel sick.
Things that are here:
a dagger of venom; a chunk of flesh; a goblin skeleton Read which item? (? for menu, Esc to quit)
You don't have any such object.
Read which item? (? for menu, Esc to quit)
Okay, then.
You aren't carrying any potions.
Unknown command.
* * * LOW HITPOINT WARNING * * *
You feel sick.
* * * LOW HITPOINT WARNING * * *
You feel sick.
* * * LOW HITPOINT WARNING * * *
You feel sick.
* * * LOW HITPOINT WARNING * * *
You feel sick.
You die...

Action                   || total
-------------------------++-------
Melee: Unarmed           ||    11
 Cast: Beastly Appendage ||     1

Notes
Turn   | Place    | Note
--------------------------------------------------------------
     0 | D:1      | hexophile the Demigod Transmuter began the quest for the Orb.
     0 | D:1      | Reached XP level 1. HP: 15/15 MP: 5/5
   229 | D:1      | HP: 3/15 [poisoned by a goblin]
   232 | D:1      | HP: 1/15 [poisoned by a goblin]
   233 | D:1      | Succumbed to a goblin's poison

Table legend:
 A = Turns spent in this place as a percentage of turns spent in the entire game.
 B = Non-inter-level travel turns spent in this place as a percentage of non-inter-level travel turns spent in the entire game.
 C = Inter-level travel turns spent in this place as a percentage of turns spent in this place.
 D = Turns resting spent in this place as a percentage of non-inter-level travel turns spent in this place.
 E = Turns spent auto-exploring this place as a percentage of non-inter-level travel turns spent in this place.
 F = Non-inter-level travel turns spent in this place divided by the number of levels of this place that you've seen.
                   A       B       C       D       E      F
               +-------+-------+-------+-------+-------+----------------------
         Total | 100.0 | 100.0 |   0.0 |   7.2 |   2.4 |  83.0
       Dungeon | 100.0 | 100.0 |   0.0 |   7.2 |   2.4 |  83.0
               +-------+-------+-------+-------+-------+----------------------

Table legend:
 A = Kills in this place as a percentage of kills in entire the game.
 B = Kills by you in this place as a percentage of kills by you in the entire game.
 C = Kills by friends in this place as a percentage of kills by friends in the entire game.
 D = Other kills in this place as a percentage of other kills in the entire game.
 E = Experience gained in this place as a percentage of experience gained in the entire game.
 F = Experience gained in this place divided by the number of levels of this place that you have seen.
                   A       B       C       D       E      F
               +-------+-------+-------+-------+-------+----------------------
         Total | 100.0 | 100.0 |  -nan |  -nan | 100.0 |   5.0
       Dungeon | 100.0 | 100.0 |  -nan |  -nan | 100.0 |   5.0
               +-------+-------+-------+-------+-------+----------------------

Vanquished Creatures
  A goblin (D:1)
  A hobgoblin (D:1)
  A giant newt (D:1)
3 creatures vanquished.
